 Dungeon Crawl Stone Soup version 0.28.0 (webtiles) character file.

Game seed: 14356903032842577107

7992 Morbidden the Skirmisher (level 11, -13/84 HPs)
             Began as a Demonspawn Fighter on Feb 15, 2022.
             Was a Priest of Cheibriados.
             Mangled by a komodo dragon (27 damage)
             ... on level 1 of the Lair of Beasts.
             The game lasted 00:18:19 (13680 turns).

Morbidden the Skirmisher (Demonspawn Fighter)      Turns: 13680, Time: 00:18:19

Health: -13/84     AC: 11    Str: 29    XL:     11   Next: 4%
Magic:  0/19       EV: 12    Int: 17    God:    Cheibriados [***...]
Gold:   2004       SH:  7    Dex: 31    Spells: 20/21 levels left

rFire   . . .      SeeInvis .   b - +2 short sword (venom)
rCold   . . .      Faith    .   c - +0 buckler
rNeg    . . .      Spirit   +   B - +0 chain mail
rPois   .          Reflect  .   (no helmet)
rElec   +          Harm     .   k - +0 cloak
rCorr   .          Rampage  .   (no gloves)
Will    .....                   (boots unavailable)
Stlth   ..........              n - amulet of guardian spirit
HPRegen 0.24/turn               s - +6 ring of dexterity
MPRegen 0.16/turn               u - ring "Issum" {Fly rElec Dex+4}

@: flying, very slow
A: claws 1, hooves 3, foul stench 2, powered by pain 2
a: Renounce Religion, Bend Time, Temporal Distortion


You were on level 1 of the Lair of Beasts.
You worshipped Cheibriados.
Cheibriados was most pleased with you.
You visited 3 branches of the dungeon, and saw 12 of its levels.

You collected 2004 gold pieces.

Inventory:

Hand Weapons
 a - a +4 scimitar
 b - a +2 short sword of venom (weapon)
Missiles
 h - 38 poisoned darts
 v - 2 silver javelins
 w - 3 throwing nets
 C - 6 javelins
 G - a curare-tipped dart
 I - 4 boomerangs (quivered)
Armour
 c - a +0 buckler (worn)
 k - a +0 cloak (worn)
 B - a +0 chain mail (worn)
Jewellery
 f - a ring of see invisible
 n - an amulet of guardian spirit (around neck)
 s - a +6 ring of dexterity (left claw)
 u - the ring "Issum" (right claw) {Fly rElec Dex+4}
   (You found it on level 3 of the Dungeon)

   [ring of flight]

   Dex:       It affects your dexterity (+4).
   rElec:     It insulates you from electricity.
   Fly:       It grants you flight.
 x - a ring of wizardry
Wands
 E - a wand of flame (19)
Scrolls
 e - 3 scrolls of teleportation
 g - a scroll of blinking
 j - 3 scrolls of enchant armour
 l - 3 scrolls of identify
 m - a scroll of torment
 o - 3 scrolls of enchant weapon
 p - 2 scrolls of fog
 t - a scroll of silence
 F - a scroll of magic mapping
Potions
 d - a potion of might
 i - 3 potions of mutation
 q - 4 potions of curing
 r - 2 potions of brilliance
 z - a potion of invisibility
 A - 2 potions of attraction {unknown}
 H - a potion of ambrosia {unknown}
 J - a potion of magic
 L - a potion of lignification {unknown}
Miscellaneous
 K - a phantom mirror


   Skills:
 * Level 7.5 Fighting
 + Level 6.7(6.9) Short Blades
 + Level 2.2(4.8) Long Blades
 + Level 1.3 Throwing
 + Level 6.3 Armour
 * Level 4.5 Dodging
 + Level 1.5 Stealth
 + Level 4.3 Shields
 * Level 0.1 Unarmed Combat
 * Level 5.5 Spellcasting
 * Level 4.6 Conjurations
 * Level 4.2 Fire Magic
 * Level 4.7 Invocations


You had 20 spell levels left.
You knew the following spells:

 Your Spells              Type           Power      Damage    Failure   Level
a - Foxfire               Conj/Fire      76%        2x1d7     14%         1

Your spell library contained the following spells:

 Spells                   Type           Power      Damage    Failure   Level
 Conjure Flame            Conj/Fire      19%        6-21      38%         3
 Apportation              Tloc           8%         N/A       63%         1
 Freeze                   Ice            16%        1d4       63%         1
 Inner Flame              Hex/Fire       11%        N/A       71%         3
 Blink                    Tloc           8%         N/A       77%         2
 Corpse Rot               Necr/Air       8%         N/A       77%         2
 Poisonous Vapours        Pois/Air       8%         N/A       77%         2
 Flame Wave               Conj/Fire      19%        2d6       80%         4
 Frozen Ramparts          Ice            8%         1d2       94%         3
 Lesser Beckoning         Tloc           4%         N/A       94%         3
 Teleport Other           Tloc           4%         N/A       94%         3
 Hailstorm                Conj/Ice       12%        3d5       97%         4
 Olgreb's Toxic Radiance  Pois           4%         N/A       100%        4
 Manifold Assault         Tloc           4%         N/A       100%        5
 Summon Forest            Summ/Tloc      2%         N/A       100%        5
 Eringya's Noxious Bog    Tmut/Pois      2%         N/A       100%        6
 Summon Hydra             Summ           2%         N/A       100%        7


Dungeon Overview and Level Annotations

Branches:
Dungeon (10/15)            Temple (1/1) D:6            Lair (1/6) D:10
    Orc (0/2) D:10

Altars:
Ashenzari
Cheibriados
Dithmenos
Elyvilon
Fedhas
Gozag
Hepliaklqana
Kikubaaqudgha
Makhleb
Nemelex Xobeh
Okawaru
Qazlal
Ru
Sif Muna
Trog
Uskayaw
Vehumet
Wu Jian
Xom
Yredelemnul
Zin
The Shining One

Shops:
D:8 *

Annotations:
D:7 4 runed translucent doors
D:9 3 runed translucent doors, Zeus21348's ghost, novice HOMo; mn3067's ghost, novice GrEE
D:10 2 transporters, hitsuchi's ghost, journeyman TrHu


Innate Abilities, Weirdness & Mutations

You have sharp fingernails.
You have hooves in place of feet.
You sometimes emit foul miasma when damaged in melee.
You sometimes gain power by taking damage.


Message History

The komodo dragon bites you!!
* * * LOW HITPOINT WARNING * * *
You emit a cloud of foul miasma!
Unknown command.
You hit the komodo dragon but do no damage.
The komodo dragon looks as sick as possible!
You kick the komodo dragon.
The komodo dragon is moderately wounded.
The komodo dragon bites you.
* * * LOW HITPOINT WARNING * * *
You emit a cloud of foul miasma!
The komodo dragon is engulfed in dark miasma.
The komodo dragon looks as sick as possible!
You block the komodo dragon's attack.
Unknown command.
Unknown command.
Okay, then.
Unknown command.
Unknown command.
The komodo dragon is engulfed in dark miasma.
The komodo dragon looks as sick as possible!
The komodo dragon seems to slow down.
Unknown command.
Unknown command.
Unknown command.
You hit the komodo dragon.
The komodo dragon looks as sick as possible!
The komodo dragon is heavily wounded.
Unknown command.
Unknown command.
Unknown command.
Activating: Slouch (22% risk of failure)
Press: ? - help, Dir - look around, f - activate You can feel time thicken for a moment.
You can no longer inflict damage on those overly hasty.
Cheibriados lowers the support of your attributes as your movement quickens.
You kill the komodo dragon!
Cheibriados appreciates the change of pace.
The komodo dragon bites you!!
You die...

... # .... .#
....##### ..#
........#####....
#.°.l.....#
##.#@..####
##...## ##...#
#...## #...#
##...# #...##
#..## #..#


You could see a komodo dragon (extremely poisoned, slow).

Vanquished Creatures
  Joseph (D:8)
  A black mamba (D:10)
  A centaur zombie (D:10)
  2 kobold demonologists (D:10)
  3 komodo dragons
  A troll (D:10)
  3 shadows
  A wyvern (D:8)
  10 yaks
  A two-headed ogre zombie (D:10)
  A water moccasin (D:9)
  An acid dragon (D:9)
  3 orc warriors
  A hornet zombie (D:8)
  7 ogres
  2 ice beasts
  A phantom (D:10)
  4 kobold brigands
  2 bullfrogs (D:7)
  A scorpion (D:6)
  2 water moccasin skeletons
  A troll zombie (D:10)
  8 killer bees (D:10)
  5 wights (D:8)
  2 howler monkeys
  5 hounds
  6 orc priests
  A centaur skeleton (D:6)
  A gnoll shaman (D:7)
  5 iguanas
  7 orc wizards
  A killer bee zombie (D:8)
  6 ogre zombies (D:10)
  7 adders
  4 gnolls (D:7)
  A white imp (D:7)
  2 worms
  A dart slug (D:3)
  26 orcs
  9 endoplasms
  4 giant cockroaches
  12 goblins
  5 hobgoblins
  20 kobolds
  7 quokkas
  6 ball pythons
  4 bats
  2 frilled lizards (D:1)
  2 goblin skeletons (D:10)
  A goblin zombie (D:10)
  A hobgoblin skeleton (D:10)
  4 hobgoblin zombies (D:10)
  3 orc skeletons (D:10)
  14 orc zombies (D:10)
  8 rats
240 creatures vanquished.

Vanquished Creatures (others)
  A kobold (D:10)
  8 plants
9 creatures vanquished.

Grand Total: 249 creatures vanquished

Notes
Turn   | Place    | Note
-------+----------+-------------------------------------------
     0 | D:1      | Morbidden the Demonspawn Fighter began the quest for the
                  | Orb.
     0 | D:1      | Reached XP level 1. HP: 18/18 MP: 1/1
   401 | D:1      | Discovered your monstrous ancestry.
   401 | D:1      | Gained mutation: You have large cloven feet. [demonic
                  | ancestry]
   401 | D:1      | Reached XP level 2. HP: 24/24 MP: 2/2
  1196 | D:1      | Found a faded altar of an unknown god.
  1267 | D:1      | Gained mutation: You have hoof-like feet. [demonic
                  | ancestry]
  1267 | D:1      | Reached XP level 3. HP: 28/29 MP: 3/3
  1597 | D:2      | Reached skill level 1 in Short Blades
  1906 | D:2      | Gained mutation: You have hooves in place of feet. [demonic
                  | ancestry]
  1906 | D:2      | Reached XP level 4. HP: 37/37 MP: 4/4
  2239 | D:2      | Reached skill level 4 in Fighting
  2763 | D:3      | Reached skill level 1 in Spellcasting
  2763 | D:3      | Gained mutation: You may rarely emit foul miasma when
                  | damaged in melee. [demonic ancestry]
  2763 | D:3      | Reached XP level 5. HP: 42/42 MP: 4/6
  3152 | D:3      | Identified the ring "Issum" {Fly rElec Dex+4}
  3368 | D:4      | Noticed an ogre
  3393 | D:4      | Killed an ogre
  3394 | D:4      | Reached skill level 1 in Dodging
  3394 | D:4      | Gained mutation: You sometimes gain a little power by
                  | taking damage. [demonic ancestry]
  3394 | D:4      | Reached XP level 6. HP: 18/49 MP: 3/8
  3952 | D:4      | Reached XP level 7. HP: 30/55 MP: 5/9
  4398 | D:5      | Entered Level 5 of the Dungeon
  4439 | D:5      | Reached skill level 5 in Fighting
  4575 | D:5      | Learned a level 1 spell: Foxfire
  4997 | D:5      | Got the Grimoire of Toxic Translocation
  5818 | D:6      | Reached skill level 1 in Fire Magic
  5818 | D:6      | Gained mutation: You sometimes gain power by taking damage.
                  | [demonic ancestry]
  5818 | D:6      | Reached XP level 8. HP: 61/62 MP: 12/12
  6005 | D:6      | Found an ornate altar of the Wu Jian Council.
  6005 | D:6      | Found an iron altar of Okawaru.
  6060 | D:6      | Reached skill level 1 in Conjurations
  6271 | D:6      | Reached skill level 5 in Armour
  6329 | D:6      | Found a staircase to the Ecumenical Temple.
  6399 | D:6      | Reached XP level 9. HP: 19/68 MP: 14/14
  6406 | D:6      | Reached skill level 5 in Short Blades
  7094 | D:6      | Identified the +2 dagger "Tavump" {freeze, rPois}
  7150 | Temple   | Entered the Ecumenical Temple
  7157 | Temple   | Became a worshipper of Cheibriados the Contemplative
  7448 | D:7      | Reached skill level 1 in Invocations
  7918 | D:7      | Found a shimmering altar of Xom.
  8167 | D:7      | Found a huge runed translucent gate.
  8167 | D:7      | Noticed a polar bear
  8168 | D:7      | Found a huge runed translucent gate.
  8244 | D:7      | Reached skill level 1 in Stealth
  8455 | D:7      | Found a huge runed translucent gate.
  8455 | D:7      | Found a huge runed translucent gate.
  8455 | D:7      | Noticed a polar bear
  8455 | D:7      | Noticed a polar bear
  8456 | D:7      | Noticed a polar bear
  8996 | D:8      | Reached * piety under Cheibriados
  9040 | D:8      | Identified the +3 hand axe of Intimidation {chaos, Drain
                  | rC+ Str+2}
  9045 | D:8      | Reached skill level 6 in Fighting
  9389 | D:8      | Noticed Joseph
  9402 | D:8      | Killed Joseph
  9586 | D:8      | Found Wuhaikh's Whimsical Warehouse.
  9694 | D:8      | Reached ** piety under Cheibriados
  9766 | D:8      | Gained mutation: You sometimes emit foul miasma when
                  | damaged in melee. [demonic ancestry]
  9766 | D:8      | Reached XP level 10. HP: 58/77 MP: 12/16
 10202 | D:8      | Found a sparkling altar of Nemelex Xobeh.
 10467 | D:9      | Found a runed translucent gate.
 10468 | D:9      | Found a runed translucent gate.
 10469 | D:9      | Found a runed translucent gate.
 10470 | D:9      | Noticed mn3067's ghost (novice GrEE)
 10471 | D:9      | Noticed Zeus21348's ghost (novice HOMo)
 10495 | D:9      | Found the +7 lajatang of Order {silver, rMut}
 10675 | D:9      | Reached skill level 1 in Throwing
 11146 | D:9      | Identified 2 scrolls of acquirement
 11148 | D:9      | Acquired 597 gold pieces
 11152 | D:9      | Acquired 911 gold pieces
 11184 | D:9      | Found a shadowy altar of Dithmenos.
 11184 | D:9      | Found a hide-covered altar of Uskayaw.
 11387 | D:10     | Entered Level 10 of the Dungeon
 11427 | D:10     | Noticed a rakshasa
 11428 | D:10     | Noticed a two-headed ogre
 11430 | D:10     | Noticed hitsuchi's ghost (journeyman TrHu)
 11431 | D:10     | Found a transporter.
 11432 | D:10     | Noticed a yaktaur captain
 11450 | D:10     | Reached *** piety under Cheibriados
 11452 | D:10     | Reached skill level 5 in Spellcasting
 11708 | D:10     | Found a shimmering blue altar of Sif Muna.
 11720 | D:10     | Reached skill level 7 in Fighting
 12193 | D:10     | Found a staircase to the Lair.
 12204 | D:10     | Found a transporter.
 12375 | D:10     | Found a staircase to the Orcish Mines.
 12389 | D:10     | Reached **** piety under Cheibriados
 13322 | Lair:1   | Entered Level 1 of the Lair of Beasts
 13322 | Lair:1   | Noticed a black mamba
 13332 | D:10     | Killed a black mamba
 13333 | D:10     | Gained mutation: You have sharp fingernails. [demonic
                  | ancestry]
 13333 | D:10     | Reached XP level 11. HP: 66/84 MP: 17/19
 13680 | Lair:1   | Mangled by a komodo dragon

Illustrated notes

Levels and vault maps discovered:
D:1:      dpeg_arrival_ratfight, layout_rooms,
          shapermc_ecumenical_altar_mp_urbaneastern
D:2:      layout_loops_ring, minmay_pentomino_x2
D:3:      layout_basic
D:4:      layout_gridville, nicolae_tso_swordbearing_angel
D:5:      layout_layer_cave, serial_glass, glass_columns_c, glass_columns_a
D:6:      layout_gridville, nicolae_elyvilon_temple_path,
          chequers_temple_overflow_statue_of_worship, minmay_temple_entry_glass,
          minmay_a_box_with_orc_wizards_in_it
D:7:      lemuel_bear_cage, layout_layer_cave, mainiacjoe_overflow_alcove_2,
          nrook_campfire
D:8:      layout_basic, kennysheep_little_box, nicolae_alphabet_shops,
          uniq_joseph
D:9:      layout_irregular_city, gammafunk_temple_overflow_forgotten,
          gammafunk_ghost_cemetery
D:10:     layout_cross, mainiacjoe_overflow_surrounded_room,
          david_lair_shrubbed, zombieorc2_lemuel, gammafunk_ghost_arena
Temple:   nicolae_temple_no_exploring_needed
Lair:1:   layout_cave_pods, cheibrodos_lair_reptile_den, uniq_urug

Skill      XL: |  1  2  3  4  5  6  7  8  9 10 |
---------------+-------------------------------+-----
Long Blades    | 2 |  2.2
Armour         | 3 4 5 6 |  6.3
Short Blades   | 1 2 3 4 5 6 |  6.7
Fighting       | 4 5 6 7 |  7.5
Spellcasting   | 1 2 3 4 5 |  5.5
Dodging        | 1 2 3 4 |  4.5
Shields        | 3 4 |  4.3
Fire Magic     | 1 2 3 4 |  4.2
Conjurations   | 2 4 |  4.6
Invocations    | 2 4 |  4.7
Stealth        | 1 |  1.5
Throwing       | 1 |  1.3
Unarmed Combat | |  0.1

Action                   |  1- 3 |  4- 6 |  7- 9 | 10-12 || total
-------------------------+-------+-------+-------+-------++-------
Melee: Long sword        |    33 |       |       |       ||    33
       Short sword       |    48 |   119 |   280 |   267 ||   714
       Kick              |    10 |    36 |   107 |   115 ||   268
       Scimitar          |       |       |       |     5 ||     5
Throw: Dart              |     1 |       |       |       ||     1
       Javelin           |       |       |     4 |       ||     4
       Boomerang         |       |       |       |    20 ||    20
Invok: Slouch            |       |       |       |     2 ||     2
  Use: Potion            |     3 |       |     4 |     1 ||     8
       Scroll            |       |     1 |     1 |    13 ||    15
 Stab: Invisible         |       |       |       |     6 ||     6
Armor: Scale mail        |    26 |    52 |    40 |       ||   118
       Chain mail        |       |       |    27 |    73 ||   100
Dodge: Dodged            |    25 |    55 |   112 |   131 ||   323
Block: Buckler           |    12 |    20 |    61 |    90 ||   183
